RedWings vs Panthers

Created - February 21, 2017 at 17:54

Goals
1 2 3 T
RedWings 3 1 0 4
Panthers 0 1 1 2
Shots
1 2 3 T
RedWings 8 6 13 27
Panthers 15 11 10 36

1st period

1. RedWings , Filip Forsberg 38 (Thomas Hickey, Tyler Toffoli) at 2:02
2. RedWings , Thomas Hickey 3 (Kevin Connauton, Sean Monahan) at 10:22
3. RedWings , Filip Forsberg 39 (Paul Martin) at 16:35

Penalties :
Pavel Datsyuk (FLA) for Diving (Minor) at 2:38, Tyler Myers (FLA) for Interference (Minor) at 18:32

2nd period

4. RedWings , Alexandre Burrows 10 (Erik Haula, Mikhail Grabovski) at 7:02
5. Panthers , Vladimir Tarasenko 21 (T.J. Brodie) at 13:33

Penalties :
Danny DeKeyser (FLA) for Interference (Minor) at 1:52, Kevin Connauton (DET) for Hooking (Minor) at 9:46

3rd period

6. Panthers , Pavel Datsyuk 22 (Joe Thornton, Trevor van Riemsdyk) at 6:26

Penalties :
Nikolaj Ehlers (FLA) for Roughing (Minor) at 0:19, Jacob Trouba (FLA) for High sticking (Minor) at 3:04, Marc-Andre Fleury (FLA) for Slashing (Minor) at 13:27 - Tyler Myers served the penalty.

Goalie Stats

Roberto Luongo (DET), 34 saves from 36 shots - (0.944), W, 17-11-4, 60:00 minutes
Philipp Grubauer (FLA), 6 saves from 10 shots - (0.600), L, 3-2-1, 27:02 minutes
Marc-Andre Fleury (FLA), 17 saves from 17 shots - (1.000), 32:58 minutes

Players Stats for RedWings

Player Name              G  A  P  +/- PIM S  H  SB GA TA FO     MP     PP MP  PK MP  
------------------------------------------------------------------------------------
Alexandre Burrows        1  0  1   1  0   3  2  0  0  0  0/1     8:25   0:00   0:00 
Andrew Campbell          0  0  0   1  0   0  0  1  0  0  0/0    23:10   5:43   0:46 
Andrew Cogliano          0  0  0  -1  0   1  3  0  0  0  0/0    13:56   6:05   0:34 
David Pastrnak           0  0  0   1  0   0  3  0  0  0  0/3    21:08   5:49   0:00 
Eric Gryba               0  0  0  -1  0   1  2  0  0  0  0/0    20:24   0:57   0:38 
Erik Haula               0  1  1   1  0   1  2  0  0  0  4/7    16:02   6:14   1:25 
Filip Forsberg           2  0  2   1  0   6  3  0  0  0  0/0    20:36   5:49   0:34 
Jonathan Drouin          0  0  0   1  0   1  1  0  0  0  1/1    15:06   0:00   0:00 
Kevin Connauton          0  1  1   2  2   0  1  0  0  0  0/0    21:56   5:37   0:00 
Loui Eriksson            0  0  0   1  0   2  0  1  0  0  1/1    21:17   6:05   0:00 
Micheal Ferland          0  0  0  -1  0   0  0  0  0  0  0/0     7:17   0:00   0:00 
Mikhail Grabovski        0  1  1   1  0   0  0  0  0  0  3/8    10:00   0:09   0:00 
Paul Martin              0  1  1   1  0   0  0  2  0  0  0/0    26:27   5:24   1:13 
Sean Monahan             0  1  1   1  0   6  0  0  0  0  15/24  15:19   0:00   0:00 
Thomas Hickey            1  1  2   2  0   1  2  0  0  0  0/0     4:20   0:00   0:00 
Tyler Toffoli            0  1  1   1  0   2  2  1  0  0  10/23  15:49   0:00   0:00 
Vincent Lecavalier       0  0  0  -1  0   2  1  0  0  0  9/18   16:05   6:05   1:25 
Zach Trotman             0  0  0  -1  0   1  0  2  0  0  0/0    20:43   5:33   1:21 

Players Stats for Panthers

Player Name              G  A  P  +/- PIM S  H  SB GA TA FO     MP     PP MP  PK MP  
------------------------------------------------------------------------------------
Alex Tanguay             0  0  0  -1  0   1  0  0  0  0  0/0    12:28   0:00   1:30 
Artem Anisimov           0  0  0  -1  0   0  0  0  0  0  10/17  16:00   0:00   5:02 
Danny DeKeyser           0  0  0  -1  2   0  2  1  0  0  0/0    18:39   1:25   2:29 
Jacob Trouba             0  0  0  -1  2   2  1  0  0  0  0/0    20:34   0:34   5:15 
Jesper Fast              0  0  0  -1  0   2  5  0  0  0  0/0    18:58   0:00   5:43 
Joe Thornton             0  1  1   2  0   0  6  0  0  0  6/21   18:16   0:34   1:42 
Joe Vitale               0  0  0   0  0   0  0  0  0  0  0/0     0:38   0:00   0:00 
Justin Braun             0  0  0  -1  0   1  2  1  0  0  0/0    24:09   0:00   6:23 
Matt Duchene             0  0  0  -3  0   4  1  0  0  0  17/30  18:25   1:25   0:00 
Mikkel Boedker           0  0  0  -3  0   4  3  2  0  0  0/1    18:25   1:25   0:00 
Nikolaj Ehlers           0  0  0  -3  2   6  1  0  0  0  0/1    18:24   1:25   0:00 
Pavel Datsyuk            1  0  1   2  2   5  4  0  0  0  3/3    21:16   0:34   5:29 
Pierre-Edouard Bellemare 0  0  0   0  0   0  0  0  0  0  7/12    6:31   0:00   4:22 
Reid Boucher             0  0  0   0  0   2  1  0  0  0  0/0     2:55   0:00   0:00 
T.J. Brodie              0  1  1  -1  0   1  0  6  0  0  0/0    23:51   0:34   5:31 
Trevor van Riemsdyk      0  1  1   0  0   0  1  0  0  0  0/0    13:35   0:00   0:00 
Tyler Myers              0  0  0   0  2   0  0  0  0  0  0/0    19:09   1:25   4:10 
Vladimir Tarasenko       1  0  1   2  0   8  0  0  0  0  0/1    15:48   0:34   0:00 

3 Stars

1 - Filip Forsberg (DET)
2 - Thomas Hickey (DET)
3 - Joe Thornton (FLA)

Power Play

RedWings - 0 on 6 Attempt(s) - 0.00%
Panthers - 0 on 1 Attempt(s) - 0.00%

Penalty Kill

RedWings - 1 on 1 Attempt(s) - 100.00% - Score 0 goal in Penalty Kill
Panthers - 6 on 6 Attempt(s) - 100.00% - Score 0 goal in Penalty Kill

Team Stat

RedWings - Hits : 22 - Faceoff Wins : 43 - Blocked Shots : 7 - Penalty Minutes : 2
Panthers - Hits : 27 - Faceoff Wins : 43 - Blocked Shots : 10 - Penalty Minutes : 12

Official

Referees : Tom Kowal and Ian Walsh
Linesman : Andy McElman and Vaughan Rody

Game Notes

Thomas Hickey is injured at 13:02 of 1st period (Bruised Left Leg)
Marc-Andre Fleury enters game at 7:02 of 2nd period
Pierre-Edouard Bellemare is injured at 3:06 of 3rd period (Sprained Right Knee)

Finance

Level 1 -- Attendance: 6000 (100.00%) -- Ticket Income $642,000
Level 2 -- Attendance: 5000 (100.00%) -- Ticket Income $375,000
Level 3 -- Attendance: 3009 (85.97%) -- Ticket Income $147,441
Level 4 -- Attendance: 2885 (76.93%) -- Ticket Income $66,355
Luxury Box -- Attendance: 1000 (100.00%) -- Ticket Income $203,000
Game was played at the BBT Center.
Total Attendance: 17894 (92.96%)
Total Ticket Income: $1,433,796
Other Income: $215,069
Total Income: $1,648,865

% Time on Ice - RedWings

Lines # - Real PCT - Wanted PCT - Time Play
Normal Forward
1 - 33% - 35% - 15:19
2 - 33% - 35% - 15:06
3 - 18% - 20% - 8:25
4 - 16% - 10% - 7:17
Normal Defense
1 - 22% - 40% - 10:11
2 - 38% - 30% - 17:31
3 - 22% - 20% - 9:55
4 - 18% - 10% - 8:30
PP Forward
1 - 51% - 60% - 6:05
2 - 49% - 40% - 5:49
PP Defense
1 - 47% - 60% - 5:33
2 - 53% - 40% - 6:21
PK Forward
1 - 71% - 60% - 1:25
2 - 29% - 40% - 0:34
PK Defense
1 - 61% - 60% - 1:13
2 - 39% - 40% - 0:46
PK3 Forward
1 - 0% - 60%
2 - 0% - 40%
PK3 Defense
1 - 0% - 60%
2 - 0% - 40%
44 Forward
1 - 0% - 60%
2 - 0% - 40%
44 Defense
1 - 0% - 60%
2 - 0% - 40%
Last Minute Offensive  - 0:00
Last Minute Defensive  - 0:00
Total
Forward - 60:00
Defense - 60:00

% Time on Ice - Panthers

Lines # - Real PCT - Wanted PCT - Time Play
Normal Forward
1 - 37% - 37% - 17:00
2 - 33% - 33% - 15:14
3 - 24% - 25% - 10:58
4 - 6% - 5% - 2:55
Normal Defense
1 - 39% - 40% - 17:46
2 - 32% - 35% - 14:46
3 - 27% - 25% - 12:29
4 - 2% - 0% - 1:06
PP Forward
1 - 71% - 50% - 1:25
2 - 29% - 50% - 0:34
PP Defense
1 - 29% - 60% - 0:34
2 - 71% - 40% - 1:25
PK Forward
1 - 55% - 50% - 6:30
2 - 45% - 50% - 5:24
PK Defense
1 - 62% - 60% - 7:23
2 - 38% - 40% - 4:31
PK3 Forward
1 - 0% - 60%
2 - 0% - 40%
PK3 Defense
1 - 0% - 60%
2 - 0% - 40%
44 Forward
1 - 0% - 60%
2 - 0% - 40%
44 Defense
1 - 0% - 60%
2 - 0% - 40%
Last Minute Offensive  - 0:00
Last Minute Defensive  - 0:00
Total
Forward - 60:00
Defense - 60:00

Play by Play

1st period


0:01 of 1st period - Sean Monahan wins face-off versus Matt Duchene in neutral zone.
0:11 of 1st period - Shot by Mikkel Boedker.
0:11 of 1st period - Stopped by Roberto Luongo without a rebound.
0:12 of 1st period - Joe Thornton wins face-off versus Tyler Toffoli in RedWings zone.
0:29 of 1st period - Shot by Vladimir Tarasenko.
0:29 of 1st period - Stopped by Roberto Luongo without a rebound.
0:30 of 1st period - Artem Anisimov wins face-off versus Alexandre Burrows in RedWings zone.
1:41 of 1st period - Icing by Trevor van Riemsdyk.
1:42 of 1st period - Artem Anisimov wins face-off versus Tyler Toffoli in Panthers zone.
2:02 of 1st period - Shot by Filip Forsberg.
2:02 of 1st period - Goal by Filip Forsberg - RedWings : 1 - Panthers : 0.
2:03 of 1st period - Sean Monahan wins face-off versus Joe Thornton in neutral zone.
2:26 of 1st period - Paul Martin is hit by Joe Thornton and loses puck.
2:38 of 1st period - Minor Penalty to Pavel Datsyuk for Diving.
2:39 of 1st period - Vincent Lecavalier wins face-off versus Pierre-Edouard Bellemare in Panthers zone.
4:30 of 1st period - T.J. Brodie is hit by Filip Forsberg.
5:08 of 1st period - Shot by Andrew Cogliano.
5:08 of 1st period - Shot Misses the Net.
5:10 of 1st period - Shot by Vincent Lecavalier.
5:10 of 1st period - Shot Blocked by Mikkel Boedker.
5:12 of 1st period - Shot by Eric Gryba.
5:12 of 1st period - Shot Misses the Net.
5:14 of 1st period - Shot by Zach Trotman.
5:14 of 1st period - Stopped by Philipp Grubauer without a rebound.
5:15 of 1st period - Joe Thornton wins face-off versus Tyler Toffoli in Panthers zone.
5:25 of 1st period - Vladimir Tarasenko is hit by Thomas Hickey and loses puck.
5:33 of 1st period - Joe Thornton is hit by Thomas Hickey and loses puck.
6:15 of 1st period - Vincent Lecavalier is hit by Joe Thornton and loses puck.
6:32 of 1st period - Shot by Vincent Lecavalier.
6:32 of 1st period - Shot Misses the Net.
6:45 of 1st period - Shot by Nikolaj Ehlers.
6:45 of 1st period - Stopped by Roberto Luongo without a rebound.
6:46 of 1st period - Artem Anisimov wins face-off versus Sean Monahan in RedWings zone.
7:07 of 1st period - Shot by Jacob Trouba.
7:07 of 1st period - Stopped by Roberto Luongo without a rebound.
7:08 of 1st period - Matt Duchene wins face-off versus Mikhail Grabovski in RedWings zone.
7:41 of 1st period - Andrew Campbell is hit by Matt Duchene and loses puck.
7:48 of 1st period - Shot by Matt Duchene.
7:48 of 1st period - Stopped by Roberto Luongo without a rebound.
7:49 of 1st period - Tyler Toffoli wins face-off versus Joe Thornton in RedWings zone.
7:49 of 1st period - Filip Forsberg is hit by Joe Thornton and loses puck.
7:58 of 1st period - Shot by Vladimir Tarasenko.
7:58 of 1st period - Shot Blocked by Zach Trotman.
8:00 of 1st period - Shot by Pavel Datsyuk.
8:00 of 1st period - Shot Misses the Net.
8:11 of 1st period - Pavel Datsyuk is hit by Eric Gryba and loses puck.
8:28 of 1st period - Shot by Pavel Datsyuk.
8:28 of 1st period - Shot Blocked by Tyler Toffoli.
8:34 of 1st period - Shot by Vladimir Tarasenko.
8:34 of 1st period - Stopped by Roberto Luongo without a rebound.
8:35 of 1st period - Matt Duchene wins face-off versus Sean Monahan in RedWings zone.
8:59 of 1st period - Shot by T.J. Brodie.
8:59 of 1st period - Stopped by Roberto Luongo without a rebound.
9:00 of 1st period - Artem Anisimov wins face-off versus Mikhail Grabovski in RedWings zone.
9:43 of 1st period - Shot by Jesper Fast.
9:43 of 1st period - Stopped by Roberto Luongo without a rebound.
9:44 of 1st period - Matt Duchene wins face-off versus Sean Monahan in RedWings zone.
9:51 of 1st period - Shot by Matt Duchene.
9:51 of 1st period - Stopped by Roberto Luongo without a rebound.
9:52 of 1st period - Matt Duchene wins face-off versus Sean Monahan in RedWings zone.
10:18 of 1st period - Shot by Sean Monahan.
10:18 of 1st period - Shot Blocked by Justin Braun.
10:20 of 1st period - Shot by Kevin Connauton.
10:20 of 1st period - Shot Blocked by T.J. Brodie.
10:22 of 1st period - Shot by Thomas Hickey.
10:22 of 1st period - Goal by Thomas Hickey - RedWings : 2 - Panthers : 0.
10:23 of 1st period - Joe Thornton wins face-off versus Tyler Toffoli in neutral zone.
10:26 of 1st period - Paul Martin is hit by Joe Thornton and loses puck.
10:47 of 1st period - Shot by Vladimir Tarasenko.
10:47 of 1st period - Stopped by Roberto Luongo without a rebound.
10:48 of 1st period - Matt Duchene wins face-off versus Sean Monahan in RedWings zone.
10:49 of 1st period - Shot by Mikkel Boedker.
10:49 of 1st period - Stopped by Roberto Luongo without a rebound.
10:50 of 1st period - Sean Monahan wins face-off versus Matt Duchene in RedWings zone.
10:55 of 1st period - Shot by Sean Monahan.
10:55 of 1st period - Stopped by Philipp Grubauer without a rebound.
10:56 of 1st period - Sean Monahan wins face-off versus Matt Duchene in Panthers zone.
11:20 of 1st period - Shot by Mikkel Boedker.
11:20 of 1st period - Stopped by Roberto Luongo without a rebound.
11:21 of 1st period - Pierre-Edouard Bellemare wins face-off versus Tyler Toffoli in RedWings zone.
11:21 of 1st period - Jesper Fast is hit by Kevin Connauton and loses puck.
11:24 of 1st period - Shot by Reid Boucher.
11:24 of 1st period - Stopped by Roberto Luongo without a rebound.
11:25 of 1st period - Tyler Toffoli wins face-off versus Joe Thornton in RedWings zone.
11:25 of 1st period - Tyler Toffoli is hit by Joe Thornton.
11:31 of 1st period - Pavel Datsyuk is hit by Jonathan Drouin and loses puck.
11:37 of 1st period - Tyler Toffoli is hit by Jacob Trouba.
11:45 of 1st period - Shot by Jonathan Drouin.
11:45 of 1st period - Stopped by Philipp Grubauer without a rebound.
11:46 of 1st period - Matt Duchene wins face-off versus Sean Monahan in Panthers zone.
12:13 of 1st period - Shot by Sean Monahan.
12:13 of 1st period - Stopped by Philipp Grubauer without a rebound.
12:14 of 1st period - Artem Anisimov wins face-off versus Tyler Toffoli in Panthers zone.
12:14 of 1st period - Artem Anisimov is hit by Tyler Toffoli.
13:01 of 1st period - Thomas Hickey is hit by Jesper Fast and loses puck.
13:02 of 1st period - Thomas Hickey from RedWings is injured at 13:02 of 1st period (Bruised Left Leg).
13:03 of 1st period - Sean Monahan wins face-off versus Joe Thornton in RedWings zone.
13:03 of 1st period - Sean Monahan is hit by Pavel Datsyuk.
13:15 of 1st period - David Pastrnak is hit by Pavel Datsyuk and loses puck.
13:22 of 1st period - Shot by Vladimir Tarasenko.
13:22 of 1st period - Stopped by Roberto Luongo without a rebound.
13:23 of 1st period - Matt Duchene wins face-off versus Mikhail Grabovski in RedWings zone.
13:45 of 1st period - Shot by Mikkel Boedker.
13:45 of 1st period - Shot Misses the Net.
13:54 of 1st period - Icing by Jacob Trouba.
13:55 of 1st period - Sean Monahan wins face-off versus Matt Duchene in Panthers zone.
13:58 of 1st period - Shot by Sean Monahan.
13:58 of 1st period - Stopped by Philipp Grubauer with a rebound.
14:00 of 1st period - Shot by Paul Martin.
14:00 of 1st period - Shot Misses the Net.
14:35 of 1st period - Icing by Matt Duchene.
14:36 of 1st period - Matt Duchene wins face-off versus Tyler Toffoli in Panthers zone.
14:38 of 1st period - Icing by Mikkel Boedker.
14:39 of 1st period - Tyler Toffoli wins face-off versus Matt Duchene in Panthers zone.
14:56 of 1st period - Shot by Vladimir Tarasenko.
14:56 of 1st period - Stopped by Roberto Luongo without a rebound.
14:57 of 1st period - Joe Thornton wins face-off versus Vincent Lecavalier in RedWings zone.
15:49 of 1st period - Icing by Zach Trotman.
15:50 of 1st period - Artem Anisimov wins face-off versus Vincent Lecavalier in RedWings zone.
15:53 of 1st period - Shot by Jesper Fast.
15:53 of 1st period - Shot Blocked by Zach Trotman.
16:27 of 1st period - Off-side.
16:28 of 1st period - Matt Duchene wins face-off versus Tyler Toffoli in neutral zone.
16:35 of 1st period - Shot by Filip Forsberg.
16:35 of 1st period - Goal by Filip Forsberg - RedWings : 3 - Panthers : 0.
16:36 of 1st period - Tyler Toffoli wins face-off versus Joe Thornton in neutral zone.
17:19 of 1st period - Shot by Vladimir Tarasenko.
17:19 of 1st period - Shot Blocked by Paul Martin.
17:21 of 1st period - Shot by Joe Thornton.
17:21 of 1st period - Shot Misses the Net.
18:02 of 1st period - Icing by Kevin Connauton.
18:03 of 1st period - Sean Monahan wins face-off versus Matt Duchene in RedWings zone.
18:03 of 1st period - Sean Monahan is hit by Mikkel Boedker.
18:22 of 1st period - Sean Monahan is hit by Trevor van Riemsdyk and loses puck.
18:32 of 1st period - Minor Penalty to Tyler Myers for Interference.
18:33 of 1st period - Loui Eriksson wins face-off versus Artem Anisimov in Panthers zone.
19:36 of 1st period - Shot by Filip Forsberg.
19:36 of 1st period - Shot Misses the Net.
Goals for this period are 3 for RedWings vs 0 for Panthers.
Shots for this period are 8 for RedWings vs 15 for Panthers.

2nd period


0:01 of 2nd period - Pierre-Edouard Bellemare wins face-off versus Vincent Lecavalier in neutral zone.
0:07 of 2nd period - Icing by Vincent Lecavalier.
0:08 of 2nd period - Pierre-Edouard Bellemare wins face-off versus Vincent Lecavalier in RedWings zone.
0:16 of 2nd period - Off-side.
0:17 of 2nd period - Vincent Lecavalier wins face-off versus Pierre-Edouard Bellemare in neutral zone.
0:17 of 2nd period - Vincent Lecavalier is hit by Jesper Fast.
1:47 of 2nd period - Off-side.
1:48 of 2nd period - Mikhail Grabovski wins face-off versus Joe Thornton in neutral zone.
1:52 of 2nd period - Minor Penalty to Danny DeKeyser for Interference.
1:53 of 2nd period - Artem Anisimov wins face-off versus Vincent Lecavalier in Panthers zone.
2:02 of 2nd period - Tyler Myers is hit by Andrew Cogliano and loses puck.
2:37 of 2nd period - Shot by Pavel Datsyuk.
2:37 of 2nd period - Stopped by Roberto Luongo with a rebound.
2:57 of 2nd period - Shot by Erik Haula.
2:57 of 2nd period - Shot Misses the Net.
3:06 of 2nd period - Icing by Erik Haula.
3:07 of 2nd period - Erik Haula wins face-off versus Pierre-Edouard Bellemare in RedWings zone.
3:29 of 2nd period - Shot by Zach Trotman.
3:29 of 2nd period - Shot Misses the Net.
3:53 of 2nd period - Shot by Alexandre Burrows.
3:53 of 2nd period - Stopped by Philipp Grubauer without a rebound.
3:54 of 2nd period - Matt Duchene wins face-off versus Mikhail Grabovski in Panthers zone.
3:54 of 2nd period - Matt Duchene is hit by Alexandre Burrows.
4:00 of 2nd period - Zach Trotman is hit by Mikkel Boedker and loses puck.
4:51 of 2nd period - Shot by Andrew Cogliano.
4:51 of 2nd period - Shot Misses the Net.
4:53 of 2nd period - Shot by Andrew Campbell.
4:53 of 2nd period - Deflect By Andrew Cogliano.
4:53 of 2nd period - Shot Blocked by Mikkel Boedker.
4:55 of 2nd period - Shot by Andrew Cogliano.
4:55 of 2nd period - Shot Misses the Net.
5:31 of 2nd period - Icing by Pavel Datsyuk.
5:32 of 2nd period - Sean Monahan wins face-off versus Vladimir Tarasenko in Panthers zone.
5:51 of 2nd period - Shot by Vladimir Tarasenko.
5:51 of 2nd period - Shot Misses the Net.
5:53 of 2nd period - Shot by T.J. Brodie.
5:53 of 2nd period - Shot Blocked by Paul Martin.
6:04 of 2nd period - Joe Thornton is hit by Eric Gryba and loses puck.
6:42 of 2nd period - Icing by Jonathan Drouin.
6:43 of 2nd period - Tyler Toffoli wins face-off versus Pierre-Edouard Bellemare in RedWings zone.
6:54 of 2nd period - Shot by Reid Boucher.
6:54 of 2nd period - Stopped by Roberto Luongo without a rebound.
6:55 of 2nd period - Mikhail Grabovski wins face-off versus Artem Anisimov in RedWings zone.
7:02 of 2nd period - Shot by Erik Haula.
7:02 of 2nd period - Deflect By Alexandre Burrows.
7:02 of 2nd period - Goal by Alexandre Burrows - RedWings : 4 - Panthers : 0.
7:02 of 2nd period - Marc-Andre Fleury enters game.
7:03 of 2nd period - Sean Monahan wins face-off versus Matt Duchene in neutral zone.
7:12 of 2nd period - David Pastrnak is hit by Danny DeKeyser and loses puck.
7:39 of 2nd period - Icing by Mikkel Boedker.
7:40 of 2nd period - Tyler Toffoli wins face-off versus Nikolaj Ehlers in Panthers zone.
7:41 of 2nd period - Shot by Filip Forsberg.
7:41 of 2nd period - Stopped by Marc-Andre Fleury with a rebound.
7:57 of 2nd period - Shot by Matt Duchene.
7:57 of 2nd period - Shot Misses the Net.
8:15 of 2nd period - Shot by Jonathan Drouin.
8:15 of 2nd period - Deflect By Filip Forsberg.
8:15 of 2nd period - Shot Blocked by T.J. Brodie.
8:19 of 2nd period - Shot by Tyler Toffoli.
8:19 of 2nd period - Shot Misses the Net.
8:21 of 2nd period - Shot by Tyler Toffoli.
8:21 of 2nd period - Deflect By Filip Forsberg.
8:21 of 2nd period - Shot Blocked by T.J. Brodie.
8:39 of 2nd period - Shot by Alexandre Burrows.
8:39 of 2nd period - Shot Blocked by T.J. Brodie.
8:50 of 2nd period - Erik Haula is hit by Justin Braun and loses puck.
8:57 of 2nd period - Alexandre Burrows is hit by Justin Braun and loses puck.
9:00 of 2nd period - Shot by Erik Haula.
9:00 of 2nd period - Stopped by Marc-Andre Fleury with a rebound.
9:02 of 2nd period - Shot by Paul Martin.
9:02 of 2nd period - Deflect By Alexandre Burrows.
9:02 of 2nd period - Stopped by Marc-Andre Fleury with a rebound.
9:21 of 2nd period - Off-side.
9:22 of 2nd period - Vincent Lecavalier wins face-off versus Joe Thornton in neutral zone.
9:29 of 2nd period - Shot by Micheal Ferland.
9:29 of 2nd period - Shot Misses the Net.
9:39 of 2nd period - Shot by Vladimir Tarasenko.
9:39 of 2nd period - Shot Hit the Post.
9:46 of 2nd period - Minor Penalty to Kevin Connauton for Hooking.
9:47 of 2nd period - Matt Duchene wins face-off versus Erik Haula in RedWings zone.
9:54 of 2nd period - Shot by Nikolaj Ehlers.
9:54 of 2nd period - Stopped by Roberto Luongo without a rebound.
9:55 of 2nd period - Vincent Lecavalier wins face-off versus Matt Duchene in RedWings zone.
10:25 of 2nd period - Shot by Nikolaj Ehlers.
10:25 of 2nd period - Stopped by Roberto Luongo without a rebound.
10:26 of 2nd period - Erik Haula wins face-off versus Joe Thornton in RedWings zone.
10:37 of 2nd period - Shot by Jacob Trouba.
10:37 of 2nd period - Stopped by Roberto Luongo without a rebound.
10:38 of 2nd period - Erik Haula wins face-off versus Joe Thornton in RedWings zone.
10:59 of 2nd period - Shot by Pavel Datsyuk.
10:59 of 2nd period - Stopped by Roberto Luongo without a rebound.
11:00 of 2nd period - Erik Haula wins face-off versus Matt Duchene in RedWings zone.
11:04 of 2nd period - Zach Trotman is hit by Danny DeKeyser and loses puck.
11:47 of 2nd period - Shot by Joe Thornton.
11:47 of 2nd period - Shot Misses the Net.
11:49 of 2nd period - Shot by Pavel Datsyuk.
11:49 of 2nd period - Deflect By Vladimir Tarasenko.
11:49 of 2nd period - Shot Misses the Net.
11:51 of 2nd period - Shot by Joe Thornton.
11:51 of 2nd period - Shot Blocked by Loui Eriksson.
12:20 of 2nd period - Shot by Vladimir Tarasenko.
12:20 of 2nd period - Shot Misses the Net.
12:22 of 2nd period - Shot by Justin Braun.
12:22 of 2nd period - Stopped by Roberto Luongo without a rebound.
12:23 of 2nd period - Artem Anisimov wins face-off versus Tyler Toffoli in RedWings zone.
12:24 of 2nd period - Shot by Alex Tanguay.
12:24 of 2nd period - Stopped by Roberto Luongo without a rebound.
12:25 of 2nd period - Tyler Toffoli wins face-off versus Artem Anisimov in RedWings zone.
12:34 of 2nd period - Shot by Filip Forsberg.
12:34 of 2nd period - Deflect By Jonathan Drouin.
12:34 of 2nd period - Shot Misses the Net.
13:28 of 2nd period - Zach Trotman is hit by Pavel Datsyuk and loses puck.
13:33 of 2nd period - Shot by Vladimir Tarasenko.
13:33 of 2nd period - Goal by Vladimir Tarasenko - RedWings : 4 - Panthers : 1.
13:34 of 2nd period - Sean Monahan wins face-off versus Matt Duchene in neutral zone.
13:53 of 2nd period - Shot by Loui Eriksson.
13:53 of 2nd period - Shot Misses the Net.
14:09 of 2nd period - Shot by David Pastrnak.
14:09 of 2nd period - Deflect By Loui Eriksson.
14:09 of 2nd period - Shot Misses the Net.
14:41 of 2nd period - Jacob Trouba is hit by Erik Haula and loses puck.
15:34 of 2nd period - Icing by Paul Martin.
15:35 of 2nd period - Vincent Lecavalier wins face-off versus Artem Anisimov in RedWings zone.
15:52 of 2nd period - Shot by Artem Anisimov.
15:52 of 2nd period - Shot Misses the Net.
16:00 of 2nd period - Shot by Jesper Fast.
16:00 of 2nd period - Stopped by Roberto Luongo without a rebound.
16:01 of 2nd period - Sean Monahan wins face-off versus Pierre-Edouard Bellemare in RedWings zone.
16:01 of 2nd period - Sean Monahan is hit by Jesper Fast.
16:37 of 2nd period - Shot by Loui Eriksson.
16:37 of 2nd period - Stopped by Marc-Andre Fleury with a rebound.
17:00 of 2nd period - Justin Braun is hit by David Pastrnak and loses puck.
17:24 of 2nd period - Icing by Jacob Trouba.
17:25 of 2nd period - Tyler Toffoli wins face-off versus Joe Thornton in Panthers zone.
17:30 of 2nd period - Shot by Filip Forsberg.
17:30 of 2nd period - Deflect By Jonathan Drouin.
17:30 of 2nd period - Shot Misses the Net.
17:44 of 2nd period - Shot by Pavel Datsyuk.
17:44 of 2nd period - Stopped by Roberto Luongo without a rebound.
17:45 of 2nd period - Mikhail Grabovski wins face-off versus Matt Duchene in RedWings zone.
18:03 of 2nd period - Shot by Erik Haula.
18:03 of 2nd period - Shot Misses the Net.
18:57 of 2nd period - Shot by Pavel Datsyuk.
18:57 of 2nd period - Shot Misses the Net.
19:00 of 2nd period - Icing by Eric Gryba.
19:01 of 2nd period - Tyler Toffoli wins face-off versus Artem Anisimov in RedWings zone.
Goals for this period are 1 for RedWings vs 1 for Panthers.
Shots for this period are 6 for RedWings vs 11 for Panthers.

3rd period


0:01 of 3rd period - Joe Thornton wins face-off versus Sean Monahan in neutral zone.
0:04 of 3rd period - Shot by Vladimir Tarasenko.
0:04 of 3rd period - Stopped by Roberto Luongo without a rebound.
0:05 of 3rd period - Matt Duchene wins face-off versus David Pastrnak in RedWings zone.
0:19 of 3rd period - Minor Penalty to Nikolaj Ehlers for Roughing.
0:20 of 3rd period - Pierre-Edouard Bellemare wins face-off versus Vincent Lecavalier in Panthers zone.
0:20 of 3rd period - Pierre-Edouard Bellemare is hit by Vincent Lecavalier.
1:21 of 3rd period - Shot by Filip Forsberg.
1:21 of 3rd period - Stopped by Marc-Andre Fleury without a rebound.
1:22 of 3rd period - Pierre-Edouard Bellemare wins face-off versus David Pastrnak in Panthers zone.
1:38 of 3rd period - Off-side.
1:39 of 3rd period - Vincent Lecavalier wins face-off versus Artem Anisimov in neutral zone.
1:54 of 3rd period - Shot by Paul Martin.
1:54 of 3rd period - Shot Misses the Net.
1:56 of 3rd period - Shot by Loui Eriksson.
1:56 of 3rd period - Stopped by Marc-Andre Fleury without a rebound.
1:57 of 3rd period - Pierre-Edouard Bellemare wins face-off versus Erik Haula in Panthers zone.
1:57 of 3rd period - Pierre-Edouard Bellemare is hit by Filip Forsberg.
2:18 of 3rd period - Justin Braun is hit by David Pastrnak.
2:25 of 3rd period - Icing by Eric Gryba.
2:26 of 3rd period - Tyler Toffoli wins face-off versus Joe Thornton in RedWings zone.
2:33 of 3rd period - Shot by Filip Forsberg.
2:33 of 3rd period - Shot Blocked by T.J. Brodie.
2:47 of 3rd period - Shot by Tyler Toffoli.
2:47 of 3rd period - Stopped by Marc-Andre Fleury without a rebound.
2:48 of 3rd period - Matt Duchene wins face-off versus Sean Monahan in Panthers zone.
2:56 of 3rd period - Icing by David Pastrnak.
2:57 of 3rd period - Sean Monahan wins face-off versus Mikkel Boedker in RedWings zone.
2:57 of 3rd period - Sean Monahan is hit by Nikolaj Ehlers.
3:04 of 3rd period - Minor Penalty to Jacob Trouba for High sticking.
3:05 of 3rd period - Pierre-Edouard Bellemare wins face-off versus Vincent Lecavalier in Panthers zone.
3:05 of 3rd period - Pierre-Edouard Bellemare is hit by Andrew Cogliano.
3:06 of 3rd period - Pierre-Edouard Bellemare from Panthers is injured at 3:06 of 3rd period (Sprained Right Knee).
3:07 of 3rd period - Pavel Datsyuk wins face-off versus Vincent Lecavalier in Panthers zone.
3:07 of 3rd period - Pavel Datsyuk is hit by Andrew Cogliano.
3:17 of 3rd period - Zach Trotman is hit by Jesper Fast.
3:44 of 3rd period - Off-side.
3:45 of 3rd period - Artem Anisimov wins face-off versus Erik Haula in neutral zone.
5:11 of 3rd period - Shot by Vincent Lecavalier.
5:11 of 3rd period - Shot Misses the Net.
5:19 of 3rd period - Shot by Andrew Cogliano.
5:19 of 3rd period - Shot Misses the Net.
5:21 of 3rd period - Shot by Eric Gryba.
5:21 of 3rd period - Stopped by Marc-Andre Fleury without a rebound.
5:22 of 3rd period - Matt Duchene wins face-off versus Tyler Toffoli in Panthers zone.
5:44 of 3rd period - Icing by T.J. Brodie.
5:45 of 3rd period - Vincent Lecavalier wins face-off versus Matt Duchene in Panthers zone.
5:48 of 3rd period - Shot by Vincent Lecavalier.
5:48 of 3rd period - Stopped by Marc-Andre Fleury without a rebound.
5:49 of 3rd period - Vincent Lecavalier wins face-off versus Joe Thornton in Panthers zone.
6:22 of 3rd period - Shot by Pavel Datsyuk.
6:22 of 3rd period - Stopped by Roberto Luongo with a rebound.
6:26 of 3rd period - Shot by Joe Thornton.
6:26 of 3rd period - Deflect By Pavel Datsyuk.
6:26 of 3rd period - Goal by Pavel Datsyuk - RedWings : 4 - Panthers : 2.
6:27 of 3rd period - Matt Duchene wins face-off versus David Pastrnak in neutral zone.
6:33 of 3rd period - Loui Eriksson is hit by Mikkel Boedker and loses puck.
6:42 of 3rd period - Shot by Mikkel Boedker.
6:42 of 3rd period - Stopped by Roberto Luongo without a rebound.
6:43 of 3rd period - Jonathan Drouin wins face-off versus Artem Anisimov in RedWings zone.
6:43 of 3rd period - Jonathan Drouin is hit by Jesper Fast.
6:49 of 3rd period - Shot by Filip Forsberg.
6:49 of 3rd period - Shot Misses the Net.
6:57 of 3rd period - Shot by Filip Forsberg.
6:57 of 3rd period - Stopped by Marc-Andre Fleury without a rebound.
6:58 of 3rd period - Sean Monahan wins face-off versus Joe Thornton in Panthers zone.
7:27 of 3rd period - Shot by Sean Monahan.
7:27 of 3rd period - Stopped by Marc-Andre Fleury without a rebound.
7:28 of 3rd period - Matt Duchene wins face-off versus Tyler Toffoli in Panthers zone.
8:04 of 3rd period - Shot by Matt Duchene.
8:04 of 3rd period - Stopped by Roberto Luongo with a rebound.
8:10 of 3rd period - Shot by Mikkel Boedker.
8:10 of 3rd period - Deflect By Nikolaj Ehlers.
8:10 of 3rd period - Stopped by Roberto Luongo without a rebound.
8:11 of 3rd period - Sean Monahan wins face-off versus Joe Thornton in RedWings zone.
8:47 of 3rd period - Shot by Vladimir Tarasenko.
8:47 of 3rd period - Shot Misses the Net.
8:49 of 3rd period - Shot by Vladimir Tarasenko.
8:49 of 3rd period - Shot Misses the Net.
10:29 of 3rd period - Shot by Andrew Cogliano.
10:29 of 3rd period - Stopped by Marc-Andre Fleury without a rebound.
10:30 of 3rd period - Vincent Lecavalier wins face-off versus Matt Duchene in Panthers zone.
10:33 of 3rd period - Shot by Andrew Cogliano.
10:33 of 3rd period - Shot Blocked by T.J. Brodie.
10:59 of 3rd period - Shot by Vincent Lecavalier.
10:59 of 3rd period - Stopped by Marc-Andre Fleury with a rebound.
11:09 of 3rd period - Shot by Sean Monahan.
11:09 of 3rd period - Stopped by Marc-Andre Fleury without a rebound.
11:10 of 3rd period - Joe Thornton wins face-off versus Sean Monahan in Panthers zone.
11:39 of 3rd period - Shot by David Pastrnak.
11:39 of 3rd period - Shot Blocked by Danny DeKeyser.
12:09 of 3rd period - Shot by Tyler Toffoli.
12:09 of 3rd period - Stopped by Marc-Andre Fleury with a rebound.
12:19 of 3rd period - Shot by Filip Forsberg.
12:19 of 3rd period - Stopped by Marc-Andre Fleury without a rebound.
12:20 of 3rd period - Artem Anisimov wins face-off versus Mikhail Grabovski in Panthers zone.
12:20 of 3rd period - Artem Anisimov is hit by Alexandre Burrows.
12:28 of 3rd period - Shot by Artem Anisimov.
12:28 of 3rd period - Shot Misses the Net.
12:40 of 3rd period - Jesper Fast is hit by Erik Haula and loses puck.
13:27 of 3rd period - Shot by Sean Monahan.
13:27 of 3rd period - Stopped by Marc-Andre Fleury without a rebound.
13:27 of 3rd period - Minor Penalty to Marc-Andre Fleury for Slashing.
13:28 of 3rd period - Pavel Datsyuk wins face-off versus Vincent Lecavalier in Panthers zone.
15:53 of 3rd period - Shot by Tyler Toffoli.
15:53 of 3rd period - Shot Misses the Net.
16:21 of 3rd period - Jesper Fast is hit by Tyler Toffoli.
16:27 of 3rd period - Sean Monahan is hit by Joe Thornton and loses puck.
16:56 of 3rd period - Zach Trotman is hit by Reid Boucher and loses puck.
17:11 of 3rd period - Shot by Artem Anisimov.
17:11 of 3rd period - Shot Blocked by Andrew Campbell.
17:53 of 3rd period - Shot by Nikolaj Ehlers.
17:53 of 3rd period - Stopped by Roberto Luongo without a rebound.
17:54 of 3rd period - Pavel Datsyuk wins face-off versus Tyler Toffoli in RedWings zone.
18:01 of 3rd period - Shot by Vladimir Tarasenko.
18:01 of 3rd period - Stopped by Roberto Luongo with a rebound.
18:04 of 3rd period - Icing by Paul Martin.
18:05 of 3rd period - Matt Duchene wins face-off versus Tyler Toffoli in RedWings zone.
18:19 of 3rd period - Mikkel Boedker is hit by Filip Forsberg.
18:35 of 3rd period - Shot by Nikolaj Ehlers.
18:35 of 3rd period - Stopped by Roberto Luongo with a rebound.
18:41 of 3rd period - Shot by Matt Duchene.
18:41 of 3rd period - Stopped by Roberto Luongo without a rebound.
18:42 of 3rd period - Sean Monahan wins face-off versus Joe Thornton in RedWings zone.
19:00 of 3rd period - Trevor van Riemsdyk is hit by David Pastrnak and loses puck.
19:07 of 3rd period - Shot by Sean Monahan.
19:07 of 3rd period - Shot Misses the Net.
19:30 of 3rd period - Erik Haula is hit by Pavel Datsyuk and loses puck.
Goals for this period are 0 for RedWings vs 1 for Panthers.
Shots for this period are 13 for RedWings vs 10 for Panthers.